 Dungeon Crawl Stone Soup version 0.15-a0-1081-gb32516e (webtiles) character file.

64 PolkaDot the Vexing (level 3, -3/24 HPs)
             Began as a Vampire Enchanter on May 28, 2014.
             Slain by a worm (12 damage)
             ... on Level 2 of the Dungeon.
             The game lasted 00:04:24 (1410 turns).

PolkaDot the Vexing (Vampire Enchanter)             Turns: 1410, Time: 00:04:25

HP  -3/24        AC  3     Str  8      XL: 3   Next: 91%
MP   6/6         EV 12     Int 17      God:
Gold 61          SH  0     Dex 14      Spells:  2 memorised,  3 levels left

rFire  . . .     SeeInvis +     j - +0 dagger (venom)
rCold  + . .     Clarity  .     b - +1 robe
rNeg   + + .     Conserve .     (no shield)
rPois  +         rCorr    .     (no helmet)
rElec  .         rRot     +     (no cloak)
SustAb .         Spirit   .     (no gloves)
rMut   .         Warding  .     (no boots)
Gourm  .         Stasis   .     (no amulet)
MR     .....                    (no ring)
                                o - ring of flight

@: regenerating slowly, not resistant to hostile enchantments, fairly stealthy
A: fangs 3, see invisible, unbreathing
a: Bat Form, Evoke Flight


You were on level 2 of the Dungeon.
You were very thirsty.

You visited 1 branch of the dungeon, and saw 2 of its levels.

You collected 61 gold pieces.

Inventory:

Hand weapons
 j - a +0,+0 dagger of venom (weapon)
Missiles
 d - 12 darts (quivered)
Armour
 b - a +1 robe (worn)
Scrolls
 a - 2 scrolls of identify {unknown}
 f - 4 scrolls of remove curse {unknown}
 h - a scroll of magic mapping {unknown}
 k - a scroll of fog {unknown}
 m - a scroll of amnesia {unknown}
 n - a scroll of teleportation {unknown}
Jewellery
 o - a ring of flight (left hand)
Potions
 e - a potion of blood {@w2}
 g - a potion of curing {unknown}
 i - a potion of beneficial mutation {unknown}
 l - a potion of restore abilities {unknown}
Books
 c - a book of Maledictions

   Spells                             Type                      Level
   *Corona                            Hexes                        1
   Sure Blade                         Hexes/Charms                 2
   *Ensorcelled Hibernation           Hexes/Ice                    2
   Confuse                            Hexes                        3
   Dazzling Spray                     Conjuration/Hexes            3
   Enslavement                        Hexes                        4


   Skills:
 + Level 2.0 Short Blades
 - Level 0.7 Throwing
 - Level 2.1 Dodging
 + Level 4.3 Stealth
 - Level 2.0 Spellcasting
 * Level 5.9 Hexes


You had 3 spell levels left.
You knew the following spells:

 Your Spells              Type           Power        Failure   Level  Hunger
a - Corona                Hex            ###....      1%          1    #......
d - Ensorcelled Hibernat  Hex/Ice        ##....       12%         2    ###....


Dungeon Overview and Level Annotations

Branches:
Dungeon (2/15)

Altars:
Dithmenos


Innate Abilities, Weirdness & Mutations

You heal slowly.
You have razor-sharp teeth.*
You have supernaturally acute eyesight.
You can survive without breathing.*


Message History

You hit the worm.
The worm is poisoned.
The worm is lightly wounded.
The worm closely misses you.
You hit the worm.
The worm looks even sicker.
The worm is lightly wounded.
Throwing (i - inventory. (,) - cycle):
p - a throwing net (quivered)
Press: ? - help, Shift-Dir - straight line, f - worm
Aim: a worm (moderately wounded, poisoned)
You throw a throwing net.
The throwing net barely misses the worm.
You barely miss the worm. You bite the worm.
The worm is heavily wounded.
The worm bites you!
You completely miss the worm. You bite the worm, but do no damage.
The worm is heavily wounded.
You barely miss the worm.
The worm is heavily wounded.
The worm bites you!
Ouch! That really hurt!
You die...

#%).....#
#....##.##
##.##....#
##.#####%.#
#..##.####
##..# ##.#
##.###.###
#.)## #.# #..#
#...## #.##
##..
#########.##
###..# #.#
#...
..(.......#
##.####.# #...
###########
#.......# #...
# #@#######
##.. ####.##w#
####
###.......#
#... #####
#.%.##.##....#
#.##
#...####.## #
.......#
#%#...#...###
##...###
#.###...%...#
..... ..#
####.##....#
..... ..## #%#
..# ....


You could see a worm.

Vanquished Creatures
  Ijyb (D:2)
  An adder (D:2)
  A giant gecko (D:2)
  5 bats
  2 giant cockroaches
  7 hobgoblins
  5 jackals
  2 ball pythons
  5 giant newts
  3 goblins (D:1)
  A kobold (D:1)
  4 rats
37 creatures vanquished.

Notes
Turn   | Place    | Note
--------------------------------------------------------------
     0 | D:1      | PolkaDot, the Vampire Enchanter, began the quest for the Orb.
     0 | D:1      | Reached XP level 1. HP: 13/13 MP: 3/3
   393 | D:1      | Reached XP level 2. HP: 19/19 MP: 4/4
   397 | D:1      | Learned a level 2 spell: Ensorcelled Hibernation
   815 | D:1      | Reached skill level 5 in Hexes
  1123 | D:2      | Noticed Ijyb
  1132 | D:2      | Killed Ijyb
  1132 | D:2      | Reached XP level 3. HP: 24/24 MP: 6/6
  1213 | D:2      | Found a shadowy altar of Dithmenos.
  1410 | D:2      | Slain by a worm

Action                   || total
-------------------------++-------
Melee: Dagger            ||   122
Throw: Throwing net      ||     1
 Cast: Corona            ||     7
       Ensorcelled Hiber ||     5
 Stab: Sleeping          ||    12
